 Dungeon Crawl Stone Soup version 0.27.0-1-g7a089689b8 (webtiles) character file.

Game seed: 5355845221451892396

2548 freelancePsychic the Thaumaturge (level 9, -4/68 HPs)
             Began as a Djinni Venom Mage on Aug 6, 2021.
             Slain by an unseen horror (9 damage)
             ... on level 7 of the Dungeon.
             The game lasted 00:18:53 (10041 turns).

freelancePsychic the Thaumaturge (DjVM)            Turns: 10041, Time: 00:18:53

Health: -4/68      AC:  7    Str: 10    XL:     9   Next: 86%
Gold:   290        EV: 14    Int: 21    God:
                   SH:  0    Dex: 13

rFire    + + .     SeeInvis .   y - +6 spear "Trog's Vengeance" {elec, rC++ Str+3}
rCold    + . .     Faith    .   (no shield)
rNeg     . . .     Spirit   .   a - +0 robe
rPois    ∞         Reflect  .   g - +2 helmet
rElec    .         Harm     .   (no cloak)
rCorr    .         Rampage  .   (no gloves)
Will     .....                  (boots unavailable)
Stlth    +.........             (no amulet)
HPRegen  0.21/turn              q - ring of wizardry
MPRegen  0.00/turn              (no ring)

@: confused, flying, studying Spellcasting, invisible
A: sickness immunity, fire resistance 2, cold vulnerability 1, float, innate
caster, hp casting, extra vitality 1, iridescent scales 1, sense surroundings 1,
screaming 1
a: no special abilities


You were on level 7 of the Dungeon.
You visited 1 branch of the dungeon, and saw 7 of its levels.
You also visited: Sewer.

You collected 290 gold pieces.

Inventory:

Hand Weapons
 h - a +1 mace of flaming
 y - the +6 spear "Trog's Vengeance" (weapon) {elec, rC++ Str+3}
   (You found it on level 7 of the Dungeon)

   It occasionally discharges a powerful burst of electricity upon striking a
   foe.
   Str:       It affects your strength (+3).
   rC:        It greatly protects you from cold.
Armour
 a - a +0 robe (worn)
 g - a +2 helmet (worn)
 i - a +0 ring mail
Jewellery
 q - a ring of wizardry (left hand)
Wands
 t - a wand of mindburst (17)
Scrolls
 k - a scroll of amnesia
 s - 2 scrolls of immolation
 v - a scroll of vulnerability
 w - a scroll of noise
 x - a scroll of summoning
Potions
 b - a potion of invisibility
 c - a potion of might {unknown}
 d - 2 potions of mutation
 e - a potion of attraction {unknown}
 f - 2 potions of flight {unknown}
 l - 3 potions of haste {@q3}
 m - 2 potions of ambrosia {unknown}
 n - a potion of degeneration {unknown}
 o - a potion of brilliance {unknown}
 p - 3 potions of magic {unknown}
 r - a potion of cancellation {unknown}
 u - a potion of lignification {unknown}


   Skills:
 + Level 7.1 Fighting
 + Level 5.2 Dodging
 - Level 1.5 Stealth
 + Level 8.7 Spellcasting


You had 6 spell levels left.
You knew the following spells:

 Your Spells              Type           Power      Damage    Failure   Level
a - Sting                 Tmut/Pois      100%       1d8       1%          1
b - Poisonous Vapours     Pois/Air       90%        N/A       1%          2
c - Summon Small Mammal   Summ           100%       N/A       1%          1
d - Olgreb's Toxic Radia  Pois           45%        N/A       1%          4
e - Mephitic Cloud        Conj/Pois/Air  45%        N/A       1%          3
f - Corpse Rot            Necr/Air       N/A        N/A       1%          2
g - Portal Projectile     Hex/Tloc       90%        N/A       1%          3
h - Teleport Other        Tloc           45%        N/A       1%          3
Your spell library was empty.

Dungeon Overview and Level Annotations

Branches:
Dungeon (7/15)              Sewer (visited)
 Temple: D:4-7

Altars:
Gozag
Hepliaklqana
Nemelex Xobeh
Okawaru
Wu Jian

Annotations:
D:3 Grinder


Innate Abilities, Weirdness & Mutations

You are immune to sickness and miasma.
You are immune to poison.
Your flesh is very heat resistant. (rF++)
You are vulnerable to cold. (rC-)
You float through the air rather than walking.
You learn spells naturally, not from books.
Your magical power is your life essence.
You have superior vitality. (+4 HP)
You are partially covered in iridescent scales. (AC +2)
You passively map a small area around you.
You occasionally shout uncontrollably at your foes.


Message History

* * * LOW HITPOINT WARNING * * *
An orc and an orc wizard come into view.
The orc wizard shouts!
An orc comes into view. It is wielding a +0 whip.
An orc comes into view. It is wielding a +0 club.
The orc shouts!
Casting: Olgreb's Toxic Radiance (dangerous; 1% risk of failure)
Confirm with . or Enter, or press ? or * to list all spells.
You begin to radiate toxic energy.
You kill Pikel!
The lemure is poisoned. x2; The orc wizard is poisoned.
The orc shouts!
The orc is poisoned.
The orc shouts!
The orc is poisoned. x2
* * * LOW HITPOINT WARNING * * *
With Pikel's spell broken, his former minions thank you for their freedom.
The lemure departs this earthly plane. x2; The orc wizard looks even sicker.
The orc looks even sicker.
Your Fighting skill increases to level 7!
Your Dodging skill increases to level 5!
You closely miss something.
The orc wizard looks even sicker.
The orc looks even sicker.
You kill the orc!
Your toxic aura wanes.
Something hits you.
* * * LOW HITPOINT WARNING * * *
Something hits you but does no damage. x2
The orc wizard gestures at you while chanting.
The magic dart hits you.
* * * LOW HITPOINT WARNING * * *
You feel better.
You kill the orc!
Something hits you!
* * * LOW HITPOINT WARNING * * *
The orc wizard gestures at you while chanting.
You are confused.
You fade into invisibility!
Something hits you!
You die...

* *#.# * ... ,
#.#** , *# #o# **,
* , .#.[# ,, ,
#.#o# ,# * , ,
..#.# .# ** #.#@#
.###. ##.#{# .....
#######..#§######
##...
#........§........
, #.#
#.#####..########.,
#.# #.# #..# , * *
#.# #.# #..# ,, #.#
#.# #..# * , ##.##
#.# #..# , *


You could see an orc wizard (very poisoned) and an orc (very poisoned).

Vanquished Creatures
  Pikel (D:7)
  Sigmund (D:4)
  A wyvern (D:7)
  Eustachio (D:4)
  A water moccasin (D:6)
  A hornet zombie (D:5)
  2 ogres
  2 centaurs
  A lemure (D:7)
  2 kobold brigands
  2 scorpions (D:6)
  A water moccasin skeleton (D:5)
  2 wights
  A jelly (D:6)
  4 hounds
  A bullfrog skeleton (D:5)
  A centaur skeleton (D:5)
  4 iguanas
  An orc wizard (D:6)
  8 gnolls (D:6)
  9 adders
  10 river rats
  A shadow imp (D:6)
  2 ufetubi
  3 worms
  2 dart slugs
  10 orcs
  A giant cockroach (D:2)
  8 goblins
  11 hobgoblins
  19 jackals
  2 quokkas
  6 ball pythons
  3 bats (D:1)
  7 frilled lizards
  26 kobolds
  26 rats
184 creatures vanquished.

Vanquished Creatures (others)
  5 fungi (D:2)
  A plant (D:2)
6 creatures vanquished.

Grand Total: 190 creatures vanquished

Notes
Turn   | Place    | Note
-------+----------+-------------------------------------------
     0 | D:1      | freelancePsychic the Djinni Venom Mage began the quest for
                  | the Orb.
     0 | D:1      | Reached XP level 1. HP: 15/15 MP: 0/0
   116 | D:1      | Reached XP level 2. HP: 12/22 MP: 0/0
   537 | D:1      | Reached skill level 1 in Fighting
   813 | D:1      | Reached XP level 3. HP: 25/27 MP: 0/0
   813 | D:1      | Learned a level 1 spell: Summon Small Mammal
   815 | D:1      | Reached skill level 3 in Spellcasting
  1815 | D:2      | Found a sparkling altar of Nemelex Xobeh.
  1923 | D:1      | Reached XP level 4. HP: 17/33 MP: 0/0
  2338 | D:2      | Found a faded altar of an unknown god.
  3129 | D:3      | Noticed Grinder
  3324 | D:4      | Reached XP level 5. HP: 5/38 MP: 0/0
  3324 | D:4      | Learned a level 2 spell: Corpse Rot
  3721 | D:4      | Noticed an ogre
  3741 | D:4      | Killed an ogre
  3742 | D:4      | Reached skill level 4 in Spellcasting
  3742 | D:4      | Reached XP level 6. HP: 30/45 MP: 0/0
  3890 | D:4      | Noticed Eustachio
  3919 | D:4      | Killed Eustachio
  3920 | D:4      | Reached XP level 7. HP: 17/51 MP: 0/0
  3920 | D:4      | Learned a level 3 spell: Portal Projectile
  4145 | D:4      | Found an ornate altar of the Wu Jian Council.
  4145 | D:4      | Found an opulent altar of Gozag.
  4148 | D:4      | Found a hazy altar of Hepliaklqana.
  4151 | D:4      | Found an iron altar of Okawaru.
  4163 | D:4      | Reached skill level 5 in Spellcasting
  4568 | D:4      | Noticed Sigmund
  4604 | D:4      | Killed Sigmund
  4781 | D:5      | Entered Level 5 of the Dungeon
  5032 | D:5      | Gained mutation: You are partially covered in iridescent
                  | scales. (AC +2) [potion of mutation]
  5032 | D:5      | Gained mutation: Your muscles are strong. (Str +2) [potion
                  | of mutation]
  5032 | D:5      | Gained mutation: Your body sometimes deteriorates upon
                  | taking damage. [potion of mutation]
  5042 | D:5      | Reached XP level 8. HP: 14/58 MP: 0/0
  5175 | D:5      | Reached skill level 6 in Spellcasting
  5221 | D:5      | Found a glowing drain.
  5226 | Sewer    | Entered a sewer
  5869 | Sewer    | Reached skill level 5 in Fighting
  6388 | Sewer    | Identified a scroll of acquirement
  6389 | Sewer    | Acquired a manual of Spellcasting
  6686 | D:5      | Reached skill level 7 in Spellcasting
  7237 | D:5      | Lost mutation: Your body sometimes deteriorates upon taking
                  | damage. [potion of mutation]
  7237 | D:5      | Lost mutation: Your muscles are strong. (Str +2) [potion of
                  | mutation]
  7237 | D:5      | Gained mutation: You occasionally shout uncontrollably at
                  | your foes. [potion of mutation]
  7237 | D:5      | Gained mutation: You passively map a small area around you.
                  | [potion of mutation]
  7667 | D:6      | Reached XP level 9. HP: 50/66 MP: 0/0
  7667 | D:6      | Learned a level 3 spell: Teleport Other
  9360 | D:6      | Reached skill level 8 in Spellcasting
  9985 | D:7      | Identified the +6 spear "Trog's Vengeance" {elec, rC++
                  | Str+3}
 10006 | D:7      | Noticed Pikel
 10038 | D:7      | Killed Pikel
 10039 | D:7      | Reached skill level 5 in Dodging
 10041 | D:7      | Slain by an unseen horror

Illustrated notes

Levels and vault maps discovered:
D:1:      zelgadis_glass_arrival_small, layout_basic
D:2:      layout_rooms, basic_altar, shapermc_ecumenical_altar_ellora
D:3:      layout_basic, uniq_grinder
D:4:      layout_loops_cross, grunt_temple_overflow_cloverleaf, uniq_eustachio,
          uniq_sigmund
D:5:      layout_basic, lightli_sewer_entry_pipes
D:6:      layout_loops_ring
D:7:      layout_loops_ring, nicolae_tso_swordbearing_angel,
          minmay_temple_entry_poolview, minmay_strange_pillars, uniq_harold,
          uniq_pikel

Skill      XL: |  1  2  3  4  5  6  7  8  9 |
---------------+----------------------------+-----
Fighting       | 1 2 3 4 5 7 |  7.1
Spellcasting   | 3 4 5 7 8 |  8.7
Dodging        | 5 |  5.2
Stealth        | |  1.5

Action                   |  1- 3 |  4- 6 |  7- 9 || total
-------------------------+-------+-------+-------++-------
Melee: Unarmed           |     2 |       |       ||     2
       Mace              |     3 |    57 |   298 ||   358
       Spear             |       |       |     2 ||     2
 Cast: Sting             |    61 |     8 |       ||    69
       Poisonous Vapours |    17 |    45 |    38 ||   100
       Olgreb's Toxic Ra |       |       |    36 ||    36
       Teleport Other    |       |       |    10 ||    10
       Mephitic Cloud    |       |       |     3 ||     3
       Summon Small Mamm |       |       |     1 ||     1
  Use: Scroll            |     3 |       |    13 ||    16
       Potion            |     2 |     1 |    10 ||    13
 Stab: Sleeping          |       |       |     3 ||     3
Armor: Robe              |    11 |    26 |   111 ||   148
Dodge: Dodged            |    30 |    52 |   259 ||   341
